 Dungeon Crawl Stone Soup version 0.31-a0-986-g5e6e4ef867 (webtiles) character file.

Game seed: 18275148233976105005

52761 Skeral the Grappler (level 14, -1/150 HPs)
             Began as a Troll Chaos Knight on Nov 10, 2023.
             Was a Plaything of Xom.
             Slain by a five-headed hydra (15 damage)
             ... while paralysed by you
             ... on level 5 of the Lair of Beasts.
             The game lasted 00:51:59 (13161 turns).

Skeral the Grappler (Troll Chaos Knight)           Turns: 13161, Time: 00:52:01

Health: -1/150     AC: 11    Str: 23    XL:     14   Next: 28%
Magic:  0/11       EV:  1    Int:  8    God:    Xom [......]
Gold:   838        SH:  0    Dex: 13    Spells: 13/13 levels left

rFire   + .          .
                       - Unarmed
rCold   . . .        (shield currently unavailable)
rNeg    . . .        K - +0 acid dragon scales
rPois   .            (helmet restricted)
rElec   .            s - +2 cloak
rCorr   +            (gloves unavailable)
SInv    .            (boots unavailable)
Will    ++...        G - amulet of guardian spirit
Stlth   +            F - ring of protection from fire
HPRegen 1.25/turn    O - +4 ring of protection
MPRegen 0.12/turn

%: guardian spirit
@: paralysed, mighty, blade hands
A: large, unfitting armour, (claws 3), regeneration 1, shaggy fur 1, tough skin
1, hooves 1, iridescent scales 1, deformed body, low MP 1, strong-willed 1, wild
magic 1, evolution 1, noise suppression
a: Begin Untransformation, Renounce Religion


You were on level 5 of the Lair of Beasts.
You worshipped Xom.
You were a very special plaything of Xom.
You had blades for hands.
You visited 2 branches of the dungeon, and saw 16 of its levels.
You visited 1 bazaar.
You also visited: Gauntlet and Volcano.

You collected 1391 gold pieces.
You spent 553 gold pieces at shops.


Innate Abilities, Weirdness & Mutations

You have blades for hands.
You are incapable of wielding weapons or throwing items.
You are too large for most types of armour.
((You have claws for hands.))
Your natural rate of healing is unusually fast.
You are covered in fur. (AC +1)
You have tough skin. (AC +1)
You have large cloven feet.
You are partially covered in iridescent scales. (AC +2)
Armour fits poorly on your strangely shaped body.
Your magical capacity is low. (-10% MP)
You are strong-willed. (Will+)
Your spells are a little harder to cast, but a little more powerful.
You have hidden genetic potential.
You passively dampen the noise of your surroundings.


   Skills:
 + Level 12.6 Fighting
 - Level 6.0 Throwing
 - Level 7.0 Dodging
 + Level 14.9 Unarmed Combat
 - Level 10.0 Shapeshifting


You had 13 spell levels left.
You didn't know any spells.
Your spell library contained the following spells:

 Spells                   Type           Power      Damage    Failure   Level
 Apportation              Tloc           0%         N/A       58%         1
 Foxfire                  Conj/Fire      0%         2x1d4     58%         1
 Necrotise                Necr           0%         1d4       58%         1
 Summon Small Mammal      Summ           0%         N/A       58%         1
 Cigotuvi's Dreadful Rot  Necr/Pois/Air  0%         N/A       71%         2
 Ensorcelled Hibernation  Hex/Ice        0%         N/A       71%         2
 Passwall                 Tmut/Erth      0%         N/A       71%         2
 Swiftness                Air            0%         N/A       90%         3
 Tukima's Dance           Hex            0%         N/A       90%         3
 Dimensional Bullseye     Hex/Tloc       0%         N/A       100%        4
 Dispel Undead            Necr           0%         3d6       100%        4
 Iskenderun's Mystic Bla  Conj/Tloc      0%         2d3       100%        4
 Leda's Liquefaction      Hex/Erth       0%         N/A       100%        4
 Passage of Golubria      Tloc           0%         N/A       100%        4
 Lee's Rapid Deconstruct  Erth           0%         3d4*      100%        5
 Silence                  Hex/Air        0%         N/A       100%        5
 Yara's Violent Unravell  Hex/Tmut       0%         3d3       100%        5
 Bombard                  Conj/Erth      0%         9d1       100%        6
 Death Channel            Necr           0%         N/A       100%        6
 Plasma Beam              Fire/Air       0%         2x1d10    100%        6
 Starburst                Conj/Fire      0%         6d3       100%        6
 Lehudib's Crystal Spear  Conj/Erth      0%         10d2      100%        8

Inventory:

Missiles
 b - 11 boomerangs (quivered)
 I - 22 large rocks {=f}
 T - 14 javelins
 Z - a throwing net {=f!f}
Armour
 f - the scarf of the Freezing God {harm, rPois Int+3 Stlth+}
   (You found it in a Gauntlet)

   Int+3:     It affects your intelligence (+3).
   rPois:     It protects you from poison Stlth+: It makes you more stealthy.
 s - a +2 cloak (worn)
   (You found it on level 4 of the Dungeon)
 K - +0 acid dragon scales (worn)
   (You found it on level 8 of the Dungeon)
Jewellery
 v - a ring of see invisible
   (You found it on level 3 of the Dungeon)
 C - a ring of protection from cold
   (You found it on level 3 of the Dungeon)
 D - a ring of willpower
   (You found it on level 9 of the Dungeon)
 E - a +5 ring of evasion
   (You took it off a centaur on level 6 of the Dungeon)
 F - a ring of protection from fire (left blade hand)
   (You found it on level 10 of the Dungeon)
 G - an amulet of guardian spirit (around neck)
   (You found it on level 1 of the Dungeon)
 L - a ring of flight
   (You found it on level 5 of the Lair of Beasts)
 O - a +4 ring of protection (right blade hand)
   (You found it on level 1 of the Dungeon)
Talismans
 a - a blade talisman (active)
   (You found it on level 9 of the Dungeon)
 u - a serpent talisman
   (You found it on level 6 of the Dungeon)
Wands
 i - a wand of iceblast (13)
   (You found it on level 7 of the Dungeon)
 k - a wand of charming (8)
   (You found it in a Gauntlet)
 r - a wand of digging (15)
   (You found it on level 4 of the Dungeon)
 J - a wand of light (12)
   (You found it on level 8 of the Dungeon)
 V - a wand of flame (15)
   (You found it on level 11 of the Dungeon)
 Y - a wand of mindburst (10)
   (You found it on level 2 of the Lair of Beasts)
Scrolls
 d - 2 scrolls of torment {unknown}
 g - 4 scrolls of teleportation {@r4}
 j - a scroll of acquirement {unknown}
 l - a scroll of blinking {unknown}
 n - 5 scrolls of fog
 p - 3 scrolls of fear {unknown}
 q - a scroll of revelation
 w - 4 scrolls of immolation {unknown}
 y - a scroll of silence {unknown}
 B - a scroll of poison {!r}
 M - 2 scrolls of brand weapon {unknown}
 N - 2 scrolls of enchant weapon {unknown}
 P - 2 scrolls of enchant armour {unknown}
 R - a scroll of summoning
Potions
 c - 2 potions of heal wounds {@q2}
 e - 3 potions of might
 h - 5 potions of degeneration {unknown}
 m - a potion of resistance {unknown}
 o - 2 potions of cancellation
 t - 2 potions of invisibility
 x - 8 potions of haste {unknown}
 A - 5 potions of curing {@q1}
 H - 3 potions of lignification {!q}
 Q - 3 potions of berserk rage {unknown}
 S - 2 potions of attraction {unknown}
 U - 2 potions of enlightenment {unknown}
 W - a potion of ambrosia
 X - 2 potions of mutation {!q}
Miscellaneous
 z - a lightning rod (2/4)
   (You found it in a Gauntlet)

Dungeon Overview and Level Annotations

Branches:
Dungeon (11/15) Zot: 26142  Temple (0/1) D:7            Lair (5/5) D:11 Zot: 26186
  Swamp (0/4) Lair:3       Spider (0/4) Lair:3        Slime (0/5) Lair:4
    Orc (0/2) D:10        Volcano (visited)         Gauntlet (visited)

Altars:
Kikubaaqudgha
Okawaru
Vehumet
Wu Jian
Xom
Jiyva

Shops:
D:8 (   D:10 *

Annotations:
D:8 3 runed translucent doors, dingleboss's ghost, novice KoBr
D:10 exclusion: obsidian statue

.....##.............#
.$................###
...................## #
#..................# 8.
................### ...
##...##.........## ###....
#..............####.......
#...............#.........
..............†#@D......#
#:....†.......#.####......
...............### .....
.............#.#.# ....
##...............## l..
.#...#............# ..
#...†..........P..## #
#..................#
##.................#


You could see a five-headed hydra (strong).


Message History

You slash the wyvern, but do no damage.
You feel sick. The wyvern bites you. 😕 HP[-6]
You take 6 damage, and now have 121/150 hp.
You slash the wyvern! You kick the wyvern, but do no damage.
You feel sick. The wyvern closely misses you. 😕 HP[-1]
You take 1 damage, and now have 120/150 hp.
You slice the wyvern!!
You kill the wyvern!
You feel sick.
The black mamba bites you but does no damage. 😕 HP[-1]
You take 1 damage, and now have 119/150 hp.
You closely miss the black mamba. Your kick misses the black mamba.
You feel sick.
The black mamba barely misses you. 😕 MP[+1]
Your mp is fully restored (11).
You closely miss the black mamba.
You feel sick. The black mamba misses you.
The black mamba bites you. 😕 HP[-5] MP[-1]
You take 5 damage, and now have 114/150 hp.
You lost 1 mp, and now have 10/11 mp.
You closely miss the black mamba. Your kick misses the black mamba.
You feel sick. The black mamba misses you.
You hit the black mamba.
The black mamba bites you but does no damage.
You shred the black mamba!!!
You kill the black mamba!
You feel sick.
The molten gargoyle blasts magma at you!
The bolt of magma hits you! 😮 HP[-12] MP[-1]
You take 12 damage, and now have 102/150 hp.
You lost 1 mp, and now have 9/11 mp.
You slash the komodo dragon!
You kick the komodo dragon, but do no damage.
You feel sick.
The komodo dragon bites you!! 😮 HP[-25] MP[-2]
You take 25 damage, and now have 77/150 hp.
You lost 2 mp, and now have 7/11 mp.
You slice the komodo dragon!!
You feel sick.
You slice the komodo dragon!!
You kill the komodo dragon! 😮 HP[+1]
You feel better.
The molten gargoyle blasts magma at you!
The bolt of magma hits you!!
* * * LOW HITPOINT WARNING * * *
😨 HP[-9] MP[-1]
You take 9 damage, and now have 69/150 hp.
You lost 1 mp, and now have 6/11 mp.
The molten gargoyle barely misses you.
A five-headed hydra comes into view. 😨 HP[+1]
You barely miss the molten gargoyle.
The five-headed hydra roars!
You kick the molten gargoyle. You slash the molten gargoyle.
The molten gargoyle hits you with a +0 flail!
* * * LOW HITPOINT WARNING * * *
You are engulfed in flames!
* * * LOW HITPOINT WARNING * * *
😨 HP[-22] MP[-2]
You take 22 damage, and now have 48/150 hp.
You lost 2 mp, and now have 4/11 mp.
You're wearing all the rings you can.
Remove which one? (? for menu, Esc to cancel) < or
E - a +5 ring of evasion; > or
O - a +4 ring of protection You remove your +5 ring of evasion.
F - a ring of protection from fire (left blade hand)
The molten gargoyle hits you with a +0 flail!
* * * LOW HITPOINT WARNING * * *
You are engulfed in flames.
You resist.
* * * LOW HITPOINT WARNING * * *
😨 HP[-6] MP[-1]
You take 6 damage, and now have 42/150 hp.
You lost 1 mp, and now have 3/11 mp.
You hit the molten gargoyle but do no damage.
You kick the molten gargoyle, but do no damage.
The molten gargoyle closely misses you.
You slice the molten gargoyle!!
You kick the molten gargoyle, but do no damage.
You slash the molten gargoyle. "Forecast: mostly cloudy." 😨 HP[+1]
You slice the molten gargoyle!!
You destroy the molten gargoyle!
You are engulfed in seething chaos.
You suddenly lose the ability to move!
You are engulfed in seething chaos. x2
You feel very mighty all of a sudden.
You are engulfed in seething chaos.
You feel mightier all of a sudden.
Xom's power touches on a nearby monster.
The five-headed hydra seems to grow stronger.
The five-headed hydra bites you!!
* * * LOW HITPOINT WARNING * * *
The five-headed hydra bites you!
* * * LOW HITPOINT WARNING * * *
The five-headed hydra bites you!
You die...
Xom laughs nastily!

Skill      XL: |  1  2  3  4  5  6  7  8  9 10 11 12 13 |
---------------+----------------------------------------+-----
Fighting       | 3 4 5 6 7 8 10 12 | 12.6
Unarmed Combat | 4 5 6 7 9 10 11 12 14 | 14.9
Dodging        | 2 3 4 7 |  7.0
Throwing       | 1 2 4 6 |  6.0
Shapeshifting  | 1 4 7 10 | 10.0

Action                     |  1- 3 |  4- 6 |  7- 9 | 10-12 | 13-15 || total
---------------------------+-------+-------+-------+-------+-------++-------
  Melee: Unarmed           |    62 |   160 |   326 |   473 |   383 ||  1404
         Punch             |     2 |     4 |     8 |    34 |    32 ||    80
         Kick              |       |       |       |   111 |   104 ||   215
         Constrict         |       |       |       |       |    18 ||    18
  Throw: Dart              |       |     3 |     3 |     8 |       ||    14
         Boomerang         |       |       |       |    17 |     5 ||    22
Ability: Begin Untransform |       |       |       |       |     1 ||     1
  Evoke: Wand              |       |       |       |     4 |     4 ||     8
         Lightning rod     |       |       |       |       |     4 ||     4
    Use: Scroll            |     2 |       |     7 |     6 |     3 ||    18
         Potion            |       |       |       |       |     1 ||     1
   Stab: Sleeping          |     2 |       |       |       |       ||     2
         Distracted        |       |       |     1 |     1 |       ||     2
         Confused          |       |       |       |     1 |       ||     1
         Petrifying        |       |       |       |       |     1 ||     1
 Armour: Robe              |    38 |    99 |   163 |       |       ||   300
         Acid dragon scale |       |       |   106 |   365 |   232 ||   703
         Skin              |       |       |       |     2 |    56 ||    58
  Dodge: Dodged            |    25 |    74 |   171 |   190 |   230 ||   690
  Block: Other             |       |     5 |    67 |    55 |    31 ||   158
   Form: Anaconda          |       |       |       |     1 |     2 ||     3
         Blade             |       |       |       |     1 |     1 ||     2
                           |       |       |       |       |     1 ||     1

Levels and vault maps discovered:
D:1:      lightli_arrival_noodles, layout_loops_corners, minmay_misc_feat_x
D:2:      layout_basic, shapermc_ecumenical_altar_mp_urbaneastern,
          serial_park_tiny_1, kennysheep_another_room, serial_bayou_lake_a,
          uniq_jessica, uniq_natasha
D:3:      minmay_diamond_boxcup, layout_loops_ring
D:4:      layout_gridville
D:5:      layout_basic
D:6:      layout_loops_ring, uniq_edmund
D:7:      minmay_angry_zag, layout_loops_ring, led_xom_imps,
          minmay_temple_entry_grid
D:8:      layout_loops_ring, gammafunk_ghost_necromancy,
          nicolae_shop_firing_range
D:9:      layout_roguey, mainiacjoe_overflow_tiny_flanked,
          mainiacjoe_overflow_swirl
D:10:     minmay_clustersquares, layout_rooms, general_overflow_altar,
          orc_0_dummy, serial_shops, kennysheep_little_box, minivault_16,
          uniq_nergalle
D:11:     nicolae_cairo_tiling_large, layout_loops_cross, david_lair_shrubbed,
          serial_shops, bzr_entry_gold, minmay_misc_feat_doors, uniq_fannar
Lair:1:   layout_cave_shapes
Lair:2:   layout_misc_corridors, grunt_megastairs_1, uniq_harold
Lair:3:   layout_regular_city, mainiacjoe_swamp_entry_angry_trees,
          nicolae_spider_entry_non_spiders, serial_bayou_shore_a, uniq_rupert
Lair:4:   layout_hall_layers, minmay_slime_entry_pillars, enter_volcano_4
Lair:5:   cheibrodos_lair_end_hotspot, layout_gridlike, gauntlet_entry_generic,
          uniq_urug

Notes
Turn   | Place    | Note
-------+----------+-------------------------------------------
     0 | D:1      | Skeral the Troll Chaos Knight began the quest for the Orb.
     0 | D:1      | Reached XP level 1. HP: 22/22 MP: 0/0
     0 | D:1      | magus.rc [v1.10.3]
     4 | D:1      | XOM: silly message
   167 | D:1      | You fall into a shaft and drop 1 floor!
   172 | D:2      | Noticed Jessica
   177 | D:2      | HP: 3/22 [Jessica/nerve-wracking pain (5)]
   178 | D:2      | Killed Jessica
   179 | D:2      | Reached skill level 3 in Fighting
   179 | D:2      | Reached XP level 2. HP: 7/31 MP: 1/1
   179 | D:2      | Reached XP level 3. HP: 9/37 MP: 2/2
   462 | D:1      | XOM: god gift: scale mail {god gift}
   559 | D:1      | XOM: god gift: short sword {god gift}
   711 | D:1      | XOM: divination: magic mapping
   794 | D:1      | XOM: cloud trail
  1020 | D:2      | Reached skill level 4 in Unarmed Combat
  1188 | D:2      | Noticed Natasha
  1195 | D:2      | Killed Natasha
  1196 | D:2      | Reached XP level 4. HP: 38/45 MP: 1/3
  1218 | D:2      | XOM: 4-stop teleportation journey
  1231 | D:2      | XOM: god gift: encrusted gold wand {god gift}
  1406 | D:2      | XOM: summons 3 hostile demons
  1442 | D:2      | Found a faded altar of an unknown god.
  1857 | D:3      | Reached XP level 5. HP: 54/54 MP: 4/4
  2166 | D:3      | XOM: give mutations
  2166 | D:3      | Gained mutation: Your muscles are strong. (Str +4, Int/Dex
                  | -1) [Xom's mischief]
  2166 | D:3      | Gained mutation: You are clumsy. (Dex -2) [Xom's mischief]
  2373 | D:4      | XOM: give mutation
  2373 | D:4      | Lost mutation: You are clumsy. (Dex -2) [Xom's mischief]
  2412 | D:4      | Noticed a phantom
  2425 | D:4      | XOM: silly message
  2428 | D:4      | Killed a phantom
  2429 | D:4      | Reached skill level 4 in Fighting
  2429 | D:4      | Reached skill level 5 in Unarmed Combat
  2707 | D:4      | XOM: give mutations
  2707 | D:4      | Gained mutation: You are partially covered in large bone
                  | plates. (SH +4) [Xom's mischief]
  2707 | D:4      | Gained mutation: You are strong-willed. (Will+) [Xom's
                  | mischief]
  2707 | D:4      | Gained mutation: You occasionally lose the ability to drink
                  | potions when taking damage. [Xom's mischief]
  2713 | D:4      | Reached XP level 6. HP: 62/62 MP: 5/5
  3019 | D:5      | Entered Level 5 of the Dungeon
  3111 | D:5      | XOM: 2-stop teleportation journey
  3113 | D:5      | XOM: silly message
  3116 | D:5      | a black bear changed into an ice beast
  3116 | D:5      | Noticed an ice beast
  3116 | D:5      | XOM: polymorph black bear -> ice beast
  3122 | D:5      | Killed an ice beast
  3123 | D:5      | Reached skill level 2 in Dodging
  3146 | D:5      | XOM: give mutations
  3146 | D:5      | Gained mutation: Your mind is acute. (Int +4, Str/Dex -1)
                  | [Xom's grace]
  3146 | D:5      | Gained mutation: You have hidden genetic potential. [Xom's
                  | grace]
  3150 | D:5      | XOM: scenery: create altars
  3152 | D:5      | Noticed an ice beast
  3166 | D:5      | Killed an ice beast
  3167 | D:5      | Reached skill level 1 in Throwing
  3167 | D:5      | Reached XP level 7. HP: 71/71 MP: 6/6
  3228 | D:5      | XOM: fog
  3338 | D:5      | Reached skill level 6 in Unarmed Combat
  3442 | D:5      | Reached skill level 5 in Fighting
  3446 | D:5      | Gained mutation: You are resistant to electric shocks.
                  | (rElec) [hidden potential]
  3463 | D:5      | XOM: summons 1 hostile shadow creature
  3526 | D:5      | Reached skill level 2 in Throwing
  3699 | D:6      | Reached skill level 3 in Dodging
  3783 | D:6      | Noticed Edmund
  3787 | D:6      | XOM: summons friendly iron imp
  3791 | D:6      | Reached XP level 8. HP: 55/78 MP: 4/7
  3795 | D:6      | XOM: cleaving
  3805 | D:6      | Killed Edmund
  3806 | D:6      | Reached skill level 3 in Throwing
  3816 | D:6      | Gained mutation: You passively dampen the noise of your
                  | surroundings. [hidden potential]
  3816 | D:6      | Lost mutation: You have hidden genetic potential. [hidden
                  | potential expressed]
  3817 | D:6      | magus.rc [v1.10.3]
  3877 | D:6      | XOM: polymorph iron imp -> quasit
  3907 | D:6      | You pick up a book of the Moon and begin reading...
  3907 | D:6      | You add the spells Passage of Golubria, Silence and
                  | Lehudib's Crystal Spear to your library.
  4271 | D:7      | Found a staircase to the Ecumenical Temple.
  4271 | D:7      | XOM: give mutation
  4271 | D:7      | Lost mutation: You are resistant to electric shocks.
                  | (rElec) [Xom's mischief]
  4302 | D:7      | XOM: noise
  4310 | D:7      | Identified the +1 pair of boots of Atheism {rF+}
  4313 | D:7      | Reached skill level 7 in Unarmed Combat
  4362 | D:7      | Reached skill level 4 in Dodging
  4365 | D:7      | XOM: divination: detect creatures
  4371 | D:7      | Reached skill level 6 in Fighting
  4371 | D:7      | Reached skill level 4 in Throwing
  4957 | D:7      | XOM: silly message
  4959 | D:7      | Reached XP level 9. HP: 89/89 MP: 8/8
  4968 | D:7      | XOM: noise
  5022 | D:7      | Found a shimmering altar of Xom.
  5122 | D:8      | Found Lishek's Firing Range.
  5123 | D:8      | magus.rc [v1.10.3]
  5127 | D:8      | Bought 5 large rocks for 90 gold pieces
  5127 | D:8      | Bought 3 boomerangs for 72 gold pieces
  5183 | D:8      | Reached skill level 5 in Throwing
  5183 | D:8      | Reached skill level 8 in Unarmed Combat
  5436 | D:8      | Found a runed translucent gate.
  5436 | D:8      | Found a runed translucent gate.
  5436 | D:8      | Found a runed translucent gate.
  5441 | D:8      | Noticed dingleboss's ghost (novice KoBr)
  5992 | D:9      | Reached skill level 7 in Fighting
  5992 | D:9      | XOM: confusion (+ monsters)
  5995 | D:9      | XOM: enchant monster (bad)
  6080 | D:9      | Noticed a troll
  6086 | D:9      | Killed a troll
  6087 | D:9      | Reached skill level 6 in Throwing
  6163 | D:9      | Found an ancient bone altar of Kikubaaqudgha.
  6219 | D:9      | XOM: scenery: create altars
  6342 | D:9      | XOM: stat loss: -1 Int (10/11)
  6344 | D:9      | Reached skill level 1 in Shapeshifting
  6352 | D:9      | Found a radiant altar of Vehumet.
  6371 | D:9      | Found an iron altar of Okawaru.
  6386 | D:9      | Reached skill level 9 in Unarmed Combat
  6458 | D:9      | Reached XP level 10. HP: 93/102 MP: 7/9
  6494 | D:9      | XOM: repel stairs
  6670 | D:10     | Entered Level 10 of the Dungeon
  6750 | D:10     | Found a staircase to the Orcish Mines.
  6760 | D:10     | Found an ornate altar of the Wu Jian Council.
  6803 | D:10     | Reached skill level 2 in Shapeshifting
  6804 | D:10     | XOM: silly message
  6837 | D:10     | Noticed a two-headed ogre
  6843 | D:10     | XOM: silly message
  6853 | D:10     | Killed a two-headed ogre
  6854 | D:10     | Reached skill level 3 in Shapeshifting
  6904 | D:10     | Found Feys's Assorted Antiques.
  6909 | D:10     | Bought a scroll labelled REBOEM XAEG for 32 gold pieces
  6909 | D:10     | Bought a scroll labelled LEBUBR YCKENTE for 32 gold pieces
  6909 | D:10     | Bought a potion of curing for 96 gold pieces
  6909 | D:10     | Bought a scroll of identify for 64 gold pieces
  6912 | D:10     | You pick up a book of Fire and begin reading...
  6912 | D:10     | You add the spells Foxfire, Plasma Beam and Starburst to
                  | your library.
  6987 | D:10     | Reached skill level 8 in Fighting
  7033 | D:10     | Identified the +1 great sword of Dishonesty {heavy, +Blink
                  | rCorr Int-4 Stlth-}
  7044 | D:10     | XOM: potion effect (haste)
  7051 | D:10     | Reached skill level 10 in Unarmed Combat
  7051 | D:10     | Reached skill level 4 in Shapeshifting
  7120 | D:10     | XOM: 4-stop teleportation journey
  7124 | D:10     | XOM: give mutations
  7124 | D:10     | Gained mutation: You have large cloven feet. [Xom's grace]
  7124 | D:10     | Gained mutation: Your system is resistant to poisons.
                  | (rPois) [Xom's grace]
  7160 | D:10     | Noticed Nergalle
  7161 | D:10     | Noticed a spectral orc warlord
  7164 | D:10     | XOM: enchant monster (bad)
  7170 | D:10     | XOM: fog
  7202 | D:10     | XOM: summons 8 friendly demons
  7205 | D:10     | Killed Nergalle
  7208 | D:10     | Noticed an obsidian statue
  7210 | D:10     | Noticed a soul eater
  7214 | D:10     | XOM: summons 3 hostile shadow creatures
  7217 | D:10     | XOM: summons 3 hostile demons
  7372 | D:10     | Noticed a tengu warrior
  7379 | D:10     | You add the spells Tukima's Dance and Yara's Violent
                  | Unravelling to your library.
  7381 | D:10     | You pick up a book of Weapons and begin reading...
  7381 | D:10     | You add the spells Dimensional Bullseye and Iskenderun's
                  | Mystic Blast to your library.
  7434 | D:11     | Found a staircase to the Lair.
  7448 | D:11     | Reached XP level 11. HP: 92/113 MP: 7/10
  7483 | D:11     | Reached skill level 5 in Shapeshifting
  7550 | D:11     | You pick up a book of the Earth and begin reading...
  7550 | D:11     | You add the spells Leda's Liquefaction, Lee's Rapid
                  | Deconstruction and Bombard to your library.
  7560 | D:11     | Noticed Fannar
  7584 | D:11     | Killed Fannar
  7585 | D:11     | Reached skill level 9 in Fighting
  7591 | D:11     | Found a flickering gateway to a bazaar.
  7610 | Bazaar   | Entered a bazaar
  7610 | Bazaar   | Found Letz's Distillery.
  7610 | Bazaar   | Found Zise Imi's Antique Weapon Emporium.
  7612 | Bazaar   | Found Diroagh's Assorted Antiques.
  7629 | Bazaar   | Found Yran's Antique Armour Shoppe.
  7633 | Bazaar   | Bought a potion of heal wounds for 50 gold pieces
  7641 | Bazaar   | XOM: scenery: summon butterflies
  7653 | Bazaar   | Bought a scroll labelled BEXEKHE JANOM for 30 gold pieces
  7653 | Bazaar   | Bought a brown potion for 27 gold pieces
  7663 | Bazaar   | Bought a potion of curing for 30 gold pieces
  7663 | Bazaar   | Bought a potion of curing for 30 gold pieces
  7715 | D:11     | Noticed a two-headed ogre
  7727 | D:11     | Killed a two-headed ogre
  8038 | D:11     | Reached skill level 11 in Unarmed Combat
  8069 | D:11     | Reached skill level 6 in Shapeshifting
  8134 | D:11     | XOM: god gift: 2 boomerangs
  8259 | D:11     | XOM: scenery: 3 doors open, 2 doors close
  8338 | D:11     | magus.rc [v1.10.3]
  8339 | Lair:1   | Entered Level 1 of the Lair of Beasts
  8410 | Lair:1   | XOM: cast spell 'Discord'
  8460 | Lair:1   | XOM: scenery: summon butterflies
  8466 | Lair:1   | XOM: blink monster(s)
  8484 | Lair:1   | XOM: confuse monster(s)
  8487 | Lair:1   | XOM: noise
  8681 | Lair:1   | XOM: god gift: yellow potion {god gift}
  8776 | Lair:2   | XOM: summons 2 friendly demons
  8851 | Lair:2   | Reached skill level 7 in Shapeshifting
  8859 | Lair:1   | Reached skill level 10 in Fighting
  8935 | Lair:2   | Reached XP level 12. HP: 82/126 MP: 5/11
  8936 | Lair:2   | Reached skill level 12 in Unarmed Combat
  9014 | Lair:2   | XOM: destruction
  9017 | Lair:2   | XOM: smoke on damage
  9021 | Lair:2   | Reached skill level 8 in Shapeshifting
  9056 | Lair:2   | XOM: polymorph dream sheep -> glass eye
  9097 | Lair:2   | Noticed Harold
  9124 | Lair:1   | magus.rc [v1.10.3]
  9133 | Lair:2   | XOM: enchant monster (good)
  9138 | Lair:2   | Killed Harold
  9139 | Lair:2   | Reached skill level 9 in Shapeshifting
  9248 | Lair:2   | Noticed a seven-headed hydra
  9249 | Lair:2   | XOM: fog
  9252 | Lair:2   | XOM: summons 4 friendly demons
  9261 | Lair:2   | Killed a seven-headed hydra
  9274 | Lair:2   | You pick up a book of Decay and begin reading...
  9274 | Lair:2   | You add the spells Cigotuvi's Dreadful Rot, Dispel Undead
                  | and Death Channel to your library.
  9285 | Lair:2   | XOM: 1-stop teleportation journey
  9398 | Lair:2   | You pick up a book of Cantrips and begin reading...
  9398 | Lair:2   | You add the spells Necrotise, Summon Small Mammal and
                  | Apportation to your library.
  9405 | Lair:2   | XOM: potion effect (attraction)
  9414 | Lair:2   | Noticed a four-headed hydra
  9423 | Lair:2   | Killed a five-headed hydra
  9500 | Lair:2   | Reached skill level 10 in Shapeshifting
  9533 | Lair:2   | You pick up a book of Burglary and begin reading...
  9533 | Lair:2   | You add the spells Passwall, Ensorcelled Hibernation and
                  | Swiftness to your library.
  9586 | Lair:2   | XOM: scenery: summon butterflies
  9628 | Lair:2   | XOM: give mutation
  9628 | Lair:2   | Lost mutation: You occasionally lose the ability to drink
                  | potions when taking damage. [Xom's mischief]
  9631 | Lair:2   | magus.rc [v1.10.3]
  9634 | Lair:3   | XOM: fog
  9636 | Lair:3   | XOM: confuse monster(s)
  9642 | Lair:3   | Reached skill level 5 in Dodging
  9675 | Lair:3   | XOM: potion effect (brilliance)
  9677 | Lair:3   | XOM: confusion
  9678 | Lair:3   | XOM: enchant monster (good)
  9694 | Lair:3   | XOM: potion effect (brilliance)
  9711 | Lair:3   | XOM: scenery: 1 doors open
  9718 | Lair:3   | Reached skill level 6 in Dodging
  9812 | Lair:3   | XOM: confuse monster(s)
  9821 | Lair:3   | Reached skill level 7 in Dodging
  9845 | Lair:3   | XOM: cast spell 'Dispersal'
  9890 | Lair:3   | XOM: silly message
  9898 | Lair:3   | Found a staircase to the Swamp.
  9976 | Lair:3   | Noticed a five-headed hydra
  9995 | Lair:3   | XOM: confuse monster(s)
 10065 | Lair:3   | Found a hole to the Spider Nest.
 10131 | Lair:3   | XOM: silly message
 10134 | Lair:3   | Killed a five-headed hydra
 10135 | Lair:3   | Reached XP level 13. HP: 133/133 MP: 10/12
 10148 | Lair:3   | XOM: enchant monster (good)
 10157 | Lair:3   | You pick up a book of Cantrips and begin reading...
 10197 | Lair:3   | XOM: butterfly on damage
 10221 | Lair:3   | XOM: cast spell 'Summon Dragon'
 10233 | Lair:3   | Noticed Rupert
 10241 | Lair:3   | Killed Rupert
 10514 | Lair:4   | XOM: divination: detect creatures
 10532 | Lair:4   | Found a dark tunnel.
 10542 | Volcano  | Entered a volcano
 10606 | Volcano  | XOM: summons 4 friendly demons
 10620 | Volcano  | XOM: noise
 10621 | Volcano  | Reached skill level 13 in Unarmed Combat
 10626 | Volcano  | XOM: confuse monster(s)
 10645 | Volcano  | XOM: divination: detect items
 10674 | Volcano  | XOM: confuse monster(s)
 10682 | Volcano  | Reached skill level 11 in Fighting
 10719 | Volcano  | XOM: divination: magic mapping
 10821 | Volcano  | XOM: 2-stop teleportation journey
 10894 | Volcano  | XOM: smoke on damage
 11053 | Lair:4   | Found a staircase to the Slime Pits.
 11053 | Lair:4   | Found a viscous altar of Jiyva.
 11204 | Lair:4   | XOM: noise
 11685 | Lair:5   | Identified the of Lan Cesch
 11685 | Lair:5   | Entered Level 5 of the Lair of Beasts
 11698 | Lair:5   | XOM: cast spell 'Summon Cactus Giant'
 11741 | Lair:5   | Found a gate leading to a gauntlet.
 11743 | Lair:5   | XOM: enchant monster (bad)
 11750 | Lair:5   | Reached skill level 14 in Unarmed Combat
 11840 | Gauntlet | Entered a Gauntlet
 11840 | Gauntlet | Found a transporter.
 11840 | Gauntlet | Found a transporter.
 11844 | Gauntlet | Found a transporter.
 11845 | Gauntlet | Found a transporter.
 11851 | Gauntlet | Found a transporter.
 11867 | Gauntlet | Found a transporter.
 11883 | Gauntlet | Found a transporter.
 11885 | Gauntlet | Found a transporter.
 11888 | Gauntlet | Found a transporter.
 11892 | Gauntlet | Found a transporter.
 11900 | Gauntlet | Found a transporter.
 11929 | Gauntlet | Found a transporter.
 11980 | Gauntlet | Found a transporter.
 11985 | Gauntlet | XOM: give mutation
 11985 | Gauntlet | Lost mutation: You are partially covered in large bone
                  | plates. (SH +4) [Xom's mischief]
 12001 | Gauntlet | Found a transporter.
 12102 | Gauntlet | Found a transporter.
 12116 | Gauntlet | Found a transporter.
 12256 | Gauntlet | Identified the scarf of the Freezing God {harm, rPois Int+3
                  | Stlth+}
 12309 | Gauntlet | XOM: swap monsters
 12354 | Gauntlet | Noticed a minotaur
 12363 | Gauntlet | Killed a minotaur
 12375 | Gauntlet | XOM: god gift: scroll labelled PEIFRA FONI {god gift}
 12434 | Gauntlet | XOM: stat loss: -1 Str (25/26)
 12439 | Gauntlet | Reached skill level 12 in Fighting
 12555 | Lair:5   | XOM is BORED!
 12555 | Lair:5   | XOM: summons 7 hostile demons
 12599 | Lair:5   | You pick up a book of Fire and begin reading...
 12602 | Lair:5   | Noticed Urug
 12602 | Lair:5   | XOM: fog
 12611 | Lair:5   | Killed Urug
 12615 | Lair:5   | a +3 eveningstar {rare}; a +0 chain mail
 12623 | Lair:5   | XOM: give mutation
 12623 | Lair:5   | Gained mutation: Your spells are a little harder to cast,
                  | but a little more powerful. [Xom's grace]
 12633 | Lair:5   | Reached XP level 14. HP: 85/149 MP: 6/13
 12712 | Lair:5   | a +3 eveningstar {rare}; a +0 chain mail
 12788 | Lair:5   | XOM: summons 2 friendly demons
 12841 | Lair:4   | XOM: give mutations
 12841 | Lair:4   | Lost mutation: Your muscles are strong. (Str +4, Int/Dex
                  | -1) [Xom's mischief]
 12841 | Lair:4   | Lost mutation: Your mind is acute. (Int +4, Str/Dex -1)
                  | [Xom's mischief]
 12841 | Lair:4   | Gained mutation: Armour fits poorly on your strangely
                  | shaped body. [Xom's mischief]
 12841 | Lair:4   | Lost mutation: Your system is resistant to poisons. (rPois)
                  | [Xom's mischief]
 13052 | Lair:5   | XOM: confusion (+ monsters)
 13053 | Lair:5   | XOM: 2-stop teleportation journey
 13135 | Lair:5   | XOM: give mutations
 13135 | Lair:5   | Gained mutation: You are partially covered in iridescent
                  | scales. (AC +2) [Xom's mischief]
 13135 | Lair:5   | Gained mutation: You have hidden genetic potential. [Xom's
                  | mischief]
 13135 | Lair:5   | Gained mutation: Your magical capacity is low. (-10% MP)
                  | [Xom's mischief]
 13157 | Lair:5   | XOM: chaos cloud
 13158 | Lair:5   | Paralysed by you for 4 turns
 13161 | Lair:5   | XOM: enchant monster (bad)
 13161 | Lair:5   | HP: 29/150 [five-headed hydra (19)]
 13161 | Lair:5   | HP: 14/150 [five-headed hydra (15)]
 13161 | Lair:5   | Slain by a five-headed hydra

Vanquished Creatures
  A minotaur (Gauntlet)
  Harold (Lair:2)
  Fannar (D:11)
  4 hydras
  A boulder beetle (Lair:3)
  2 two-headed ogres
  Urug (Lair:5)
  Nergalle (D:10)
  A skeletal warrior (Volcano)
  A skyshark (Lair:5)
  2 spriggan druids (Lair:3)
  A lindwurm (Lair:3)
  An anaconda skeleton (Volcano)
  An obsidian statue (Gauntlet)
  5 alligator skeletons (Volcano)
  4 cyclopes (D:11)
  7 elephants
  7 black mambas
  A molten gargoyle (Lair:5)
  An ice statue (Gauntlet)
  7 cane toads
  6 gargoyles
  5 rime drakes
  2 torpor snails
  11 komodo dragons
  An unseen horror (D:10)
  2 minotaur zombies (Gauntlet)
  A polar bear (Lair:4)
  2 trolls
  A harpy skeleton (Volcano)
  2 hornets
  14 blink frogs
  A glass eye (Lair:2)
  16 dream sheep
  3 slime creatures (Lair:4)
  3 flying skulls (Volcano)
  A vampire (D:10)
  A wyvern (Lair:5)
  2 shadows (Gauntlet)
  2 basilisks (Lair:3)
  41 yaks
  Edmund (D:6)
  13 water moccasins
  4 acid dragons
  2 ice beasts (D:5)
  An orc warrior (D:11)
  A black bear (Lair:1)
  A sky beast (D:7)
  6 wolves (Lair:4)
  An ogre (D:7)
  4 centaurs
  A phantom (D:4)
  2 kobold brigands (D:9)
  5 scorpions
  12 bullfrogs
  A gnoll sergeant (D:9)
  8 wights
  9 killer bees
  A spriggan skeleton (Volcano)
  3 troll skeletons (Volcano)
  An electric eel (Lair:3)
  3 jellies
  4 crimson imps (D:7)
  A hound (D:5)
  5 orc priests
  A gnoll bouda (D:6)
  Jessica (D:2)
  Natasha (D:2)
  4 iguanas
  11 orc wizards
  6 hell rats
  9 gnolls
  5 adders
  2 shadow imps
  2 white imps
  4 ufetubi
  4 worms
  4 dart slugs
  31 orcs
  8 endoplasms
  4 giant cockroaches
  5 hobgoblins
  7 jackals
  4 quokkas
  3 ball pythons
  7 bats
  3 frilled lizards (D:1)
  13 goblins
  18 kobolds
  6 rats
421 creatures vanquished.

Vanquished Creatures (collateral kills)
  Rupert (Lair:3)
  A hydra (Lair:2)
  A boulder beetle (Lair:3)
  A skeletal warrior (Volcano)
  An ogre (D:6)
  An electric eel (Lair:3)
  A worm (Lair:3)
  A giant cockroach (Lair:3)
8 creatures vanquished.

Grand Total: 429 creatures vanquished

Table legend:
 A = Non-vault XP
 B = Vault XP
 C = Vault XP percentage of total XP
 D = Non-vault monster count
 E = Vault monster count
 F = Vault count percentage of total count
                 A         B        C        D         E       F
            +---------+---------+-------+---------+---------+-------
      Total |   47938 |   27436 |  36.4 |     338 |      91 |  21.2
            +---------+---------+-------+---------+---------+-------
        D:1 |      38 |       0 |   0.0 |      22 |       0 |   0.0
        D:2 |      49 |      73 |  59.8 |      20 |       2 |   9.1
        D:3 |      28 |      21 |  42.9 |      13 |       9 |  40.9
        D:4 |     183 |       0 |   0.0 |      15 |       0 |   0.0
        D:5 |     678 |       0 |   0.0 |      14 |       0 |   0.0
        D:6 |     722 |     173 |  19.3 |      19 |       1 |   5.0
        D:7 |    1099 |     239 |  17.9 |      30 |       6 |  16.7
        D:8 |     716 |       0 |   0.0 |      14 |       0 |   0.0
        D:9 |    1777 |       0 |   0.0 |      29 |       0 |   0.0
       D:10 |    3728 |     950 |  20.3 |      23 |       2 |   8.0
       D:11 |    3851 |    1290 |  25.1 |      13 |       3 |  18.8
     Lair:1 |    3833 |     631 |  14.1 |      19 |       2 |   9.5
     Lair:2 |    6837 |    3820 |  35.8 |      24 |      13 |  35.1
     Lair:3 |    8799 |    5020 |  36.3 |      27 |      13 |  32.5
     Lair:4 |    3679 |     733 |  16.6 |      16 |       4 |  20.0
     Lair:5 |   11921 |    2745 |  18.7 |      40 |       6 |  13.0
    Volcano |       0 |    7803 | 100.0 |       0 |      21 | 100.0
   Gauntlet |       0 |    3938 | 100.0 |       0 |       9 | 100.0
            +---------+---------+-------+---------+---------+-------

Skill      XL: |  1  2  3  4  5  6  7  8  9 10 11 12 13 |
---------------+----------------------------------------+-----
Fighting       | 3 4 5 6 7 8 10 12 | 12.6
Unarmed Combat | 4 5 6 7 9 10 11 12 14 | 14.9
Dodging        | 2 3 4 7 |  7.0
Throwing       | 1 2 4 6 |  6.0
Shapeshifting  | 1 4 7 10 | 10.0

Action                     |  1- 3 |  4- 6 |  7- 9 | 10-12 | 13-15 || total
---------------------------+-------+-------+-------+-------+-------++-------
  Melee: Unarmed           |    62 |   160 |   326 |   473 |   383 ||  1404
         Punch             |     2 |     4 |     8 |    34 |    32 ||    80
         Kick              |       |       |       |   111 |   104 ||   215
         Constrict         |       |       |       |       |    18 ||    18
  Throw: Dart              |       |     3 |     3 |     8 |       ||    14
         Boomerang         |       |       |       |    17 |     5 ||    22
Ability: Begin Untransform |       |       |       |       |     1 ||     1
  Evoke: Wand              |       |       |       |     4 |     4 ||     8
         Lightning rod     |       |       |       |       |     4 ||     4
    Use: Scroll            |     2 |       |     7 |     6 |     3 ||    18
         Potion            |       |       |       |       |     1 ||     1
   Stab: Sleeping          |     2 |       |       |       |       ||     2
         Distracted        |       |       |     1 |     1 |       ||     2
         Confused          |       |       |       |     1 |       ||     1
         Petrifying        |       |       |       |       |     1 ||     1
 Armour: Robe              |    38 |    99 |   163 |       |       ||   300
         Acid dragon scale |       |       |   106 |   365 |   232 ||   703
         Skin              |       |       |       |     2 |    56 ||    58
  Dodge: Dodged            |    25 |    74 |   171 |   190 |   230 ||   690
  Block: Other             |       |     5 |    67 |    55 |    31 ||   158
   Form: Anaconda          |       |       |       |     1 |     2 ||     3
         Blade             |       |       |       |     1 |     1 ||     2
                           |       |       |       |       |     1 ||     1

Illustrated notes

Table legend:
 A = Kills in this place as a percentage of kills in the entire game.
 B = Kills by you in this place as a percentage of kills by you in the entire game.
 C = Kills by friends in this place as a percentage of kills by friends in the entire game.
 D = Other kills in this place as a percentage of other kills in the entire game.
 E = Experience gained in this place as a percentage of experience gained in the entire game.
 F = Experience gained in this place divided by the number of levels of this place that you have seen.
                   A       B       C       D       E      F
               +-------+-------+-------+-------+-------+----------------------
         Total | 100.0 | 100.0 | 100.0 |   N/A | 100.0 | 3967.1
       Dungeon |  54.8 |  55.6 |  12.5 |   N/A |  20.7 | 1419.5
          Lair |  38.2 |  37.5 |  75.0 |   N/A |  63.7 | 9603.6
       Volcano |   4.9 |   4.8 |  12.5 |   N/A |  10.4 | 7803.0
      Gauntlet |   2.1 |   2.1 |   0.0 |   N/A |   5.2 | 3938.0
               +-------+-------+-------+-------+-------+----------------------

Table legend: (Time is in decaauts)
 A = Elapsed time spent in this place.
 B = Non-inter-level travel time spent in this place.
 C = Inter-level travel time spent in this place.
 D = Time resting spent in this place.
 E = Time spent auto-exploring this place.
 F = Levels seen in this place.
 G = Mean time per level.
                   A        B        C        D        E       F      G
               +--------+--------+--------+--------+--------+-----+--------+
         Total |  12873 |  12132 |    741 |    410 |   4573 |  19 |  677.5 |
       Dungeon |   8142 |   7715 |    427 |     40 |   4028 |  11 |  740.2 |
          Lair |   3584 |   3270 |    314 |    293 |    545 |   5 |  716.8 |
        Bazaar |     60 |     60 |      0 |      0 |      0 |   1 |   60.0 |
       Volcano |    473 |    473 |      0 |     14 |      0 |   1 |  473.0 |
      Gauntlet |    612 |    612 |      0 |     63 |      0 |   1 |  612.0 |
               +--------+--------+--------+--------+--------+-----+--------+

Top non-repeatable levels by time:
     D:1: 927 daAuts
    D:11: 857 daAuts
     D:7: 826 daAuts
  Lair:3: 806 daAuts
  Lair:4: 787 daAuts
     D:8: 777 daAuts
  Lair:2: 770 daAuts
     D:9: 768 daAuts
     D:3: 754 daAuts
  Lair:5: 692 daAuts
    D:10: 674 daAuts
     D:4: 670 daAuts
     D:2: 653 daAuts
     D:6: 633 daAuts
Gauntlet: 612 daAuts
